 Dungeon Crawl Stone Soup version 0.30-a0-358-g0d69a1922f (webtiles) character file.

Game seed: 4249705636537925562

6608 Bnni the Spear-Bearer (level 11, -19/90 HPs)
             Began as a Formicid Fighter on Nov 10, 2022.
             Was an Initiate of Yredelemnul.
             Demolished by Snorg (21 damage)
             ... on level 10 of the Dungeon.
             The game lasted 00:16:39 (8934 turns).

Bnni the Spear-Bearer (Formicid Fighter)            Turns: 8934, Time: 00:16:40

Health: -19/90     AC:  6    Str: 25    XL:     11   Next: 21%
Magic:  17/17      EV: 10    Int:  8    God:    Yredelemnul [......]
Gold:   235        SH:  5    Dex: 13    Spells: 10/10 levels left

rFire   + . .      SeeInvis +    r - +0 bardiche (freeze)
rCold   + + .      Faith    .    c - +0 buckler
rNeg    . . .      Spirit   .    N - +1 ring mail of the Crypt {Regen+}
rPois   .          Reflect  .    (helmet unavailable)
rElec   .          Harm     .    J - scarf {rC+ rF+}
rCorr   .          Rampage  .    (no gloves)
Will    +....                    (no boots)
Stlth   +.........               G - amulet of regeneration
HPRegen 1.95/turn                u - ring of flight
MPRegen 0.15/turn                C - ring of protection from cold

@: flying
A: permanent stasis, dig shafts and tunnels, antennae 3, four strong arms
a: Dig, Shaft Self, Renounce Religion, Recall Undead Harvest


You were on level 10 of the Dungeon.
You worshipped Yredelemnul.
Yredelemnul was aware of your devotion.
You visited 2 branches of the dungeon, and saw 11 of its levels.

You collected 496 gold pieces.
You spent 261 gold pieces at shops.

Inventory:

Hand Weapons
 a - a +0 trident
 l - a +0 scimitar of flaming
 r - a +0 bardiche of freezing (weapon)
 y - a +0 whip of venom
Missiles
 g - 10 javelins
 E - 8 boomerangs
 K - 8 poisoned darts
Armour
 c - a +0 buckler (worn)
 i - a +0 chain mail
 J - a scarf of resistance (worn)
 N - the +1 ring mail of the Crypt (worn) {Regen+}
   (You bought it in a shop on level 10 of the Dungeon)

   Regen:     It increases your rate of health regeneration.
Jewellery
 u - a ring of flight (left hand)
 C - a ring of protection from cold (right hand)
 G - an amulet of regeneration (around neck)
Wands
 b - a wand of polymorph (5)
 f - a wand of charming (21)
 z - a wand of flame (39)
Scrolls
 h - 2 scrolls of immolation {unknown}
 k - 4 scrolls of magic mapping {unknown}
 m - 4 scrolls of blinking {unknown}
 o - 3 scrolls of teleportation {unknown}
 q - 3 scrolls of brand weapon
 s - 2 scrolls of vulnerability {unknown}
 t - 3 scrolls of amnesia {unknown}
 v - a scroll of enchant weapon {unknown}
 x - a scroll of fog
 A - 3 scrolls of torment {unknown}
 F - 2 scrolls of poison
 H - a scroll of fear {unknown}
 L - a scroll of acquirement {unknown}
Potions
 d - 5 potions of might
 e - 3 potions of lignification
 j - a potion of curing
 n - a potion of attraction
 p - 7 potions of brilliance
 B - 2 potions of ambrosia
 D - 2 potions of mutation {unknown}
 I - a potion of haste {unknown}
Miscellaneous
 M - a box of beasts (inert)


   Skills:
 + Level 9.8 Fighting
 * Level 12.0 Polearms
 - Level 3.2 Armour
 - Level 5.0 Shields
 + Level 8.8 Invocations


You had 10 spell levels left.
You didn't know any spells.
Your spell library contained the following spells:

 Spells                   Type           Power      Damage    Failure   Level
 Apportation              Tloc           0%         N/A       63%         1
 Kiss of Death            Conj/Necr      0%         2d5       63%         1
 Magic Dart               Conj           0%         1d3       63%         1
 Necrotise                Necr           0%         1d4       63%         1
 Slow                     Hex            0%         N/A       63%         1
 Summon Small Mammal      Summ           0%         N/A       63%         1
 Call Imp                 Summ           0%         N/A       77%         2
 Scorch                   Fire           0%         2d5       77%         2
 Call Canine Familiar     Summ           0%         N/A       94%         3
 Confusing Touch          Hex            0%         N/A       94%         3
 Ignite Poison            Fire/Tmut/Pois 0%         N/A       94%         3
 Mephitic Cloud           Conj/Pois/Air  0%         N/A       94%         3
 Summon Guardian Golem    Hex/Summ       0%         N/A       94%         3
 Tukima's Dance           Hex            0%         N/A       94%         3
 Vampiric Draining        Necr           0%         2d6       94%         3
 Dispel Undead            Necr           0%         3d6       100%        4
 Flame Wave               Conj/Fire      0%         2d4       100%        4
 Ice Form                 Ice/Tmut       0%         N/A       100%        4
 Passage of Golubria      Tloc           0%         N/A       100%        4
 Yara's Violent Unravell  Hex/Tmut       0%         3d3       100%        5
 Summon Cactus Giant      Summ           0%         N/A       100%        6
 Enfeeble                 Hex            0%         N/A       100%        7
 Storm Form               Tmut/Air       0%         N/A       100%        7


Dungeon Overview and Level Annotations

Branches:
Dungeon (10/15)            Temple (1/1) D:4
   Lair: D:8-11         Orc: D:9-12

Altars:
Cheibriados
Dithmenos
Elyvilon
Fedhas
Gozag
Hepliaklqana
Kikubaaqudgha
Makhleb
Nemelex Xobeh
Okawaru
Qazlal
Sif Muna
Trog
Uskayaw
Xom
Yredelemnul
Zin

Shops:
D:8 =   D:10 *

Annotations:
D:10 Snorg


Innate Abilities, Weirdness & Mutations

You cannot be hasted, slowed, berserked, paralysed or teleported.
You can dig through walls and to a lower floor.
You have a pair of large antennae on your head. (SInv)
Your four strong arms can wield two-handed weapons with a shield.


Message History

You slice Snorg!! You freeze Snorg!
Snorg is moderately wounded.
Snorg bites you!
Snorg claws you! x2; You block Snorg's attack.
Snorg claws you!
* * * LOW HITPOINT WARNING * * *
Snorg claws you!
* * * LOW HITPOINT WARNING * * *
Aiming: Charm
Press: ? - help, Shift-Dir - straight line, f - Snorg
Aim: Snorg (moderately wounded, berserk, chance to affect: 17%)
Okay, then.
Okay, then.
Okay, then.
Okay, then.
Okay, then.
Aiming: Polymorph
Press: ? - help, Shift-Dir - straight line, f - Snorg
Aim: Snorg (moderately wounded, berserk, will become an elephant, a yaktaur, or a blink frog, chance to affect: 17%)
Okay, then.
Aiming: Charm
Press: ? - help, Shift-Dir - straight line, f - Snorg
Aim: Snorg (moderately wounded, berserk, chance to affect: 17%) Snorg resists with almost no effort.
Snorg bites you.
* * * LOW HITPOINT WARNING * * *
Snorg barely misses you. You block Snorg's attack.
Unknown command.
You slash Snorg! You freeze Snorg.
Snorg is heavily wounded.
Snorg barely misses you. x2; Snorg claws you.
* * * LOW HITPOINT WARNING * * *
Snorg bites you but does no damage. You block Snorg's attack.
Snorg closely misses you.
Unknown command.
You barely miss Snorg.
Snorg is heavily wounded.
You block Snorg's attack. Snorg barely misses you. Snorg claws you!
* * * LOW HITPOINT WARNING * * *
Snorg bites you!!
You die...
Your body rises from the dead as a mindless zombie.

..........<.....
####..##........ #
#........... #
........... #
.........#### #
....#.......# . #
######.....##.## ...
###..............##.....
#.)..........#..@T......
..PPP.....#######.......
...∩P.#...### /.....[
....P.#.....#####.......
......#...#.............
#####.....######........
....###...# ##.#...
....# #...# ..... ....#
#...#


You could see Snorg (berserk).

Vanquished Creatures
  A two-headed ogre (D:10)
  Erica (D:8)
  Joseph (D:8)
  3 trolls
  A shadow (D:8)
  5 yaks (D:8)
  A steam dragon (D:7)
  3 water moccasins
  4 ice beasts
  An orc warrior (D:8)
  A black bear (D:5)
  4 centaurs
  A phantom (D:8)
  A kobold brigand (D:9)
  3 necrophages
  A bullfrog (D:9)
  A scorpion (D:7)
  2 gnoll sergeants (D:8)
  3 wights (D:9)
  8 killer bees (D:9)
  5 howler monkeys
  3 hounds (D:5)
  2 jellies
  3 orc priests
  An iguana (D:7)
  2 orc wizards
  Robin (D:2)
  8 gnolls (D:8)
  7 adders
  A white imp (D:7)
  3 ufetubi
  2 worms
  2 dart slugs
  25 orcs
  7 ball pythons
  8 endoplasms
  3 giant cockroaches
  10 goblins
  8 hobgoblins
  6 jackals
  15 kobolds
  3 quokkas
  3 bats
  4 frilled lizards
  4 rats
182 creatures vanquished.

Vanquished Creatures (collateral kills)
  A phantom (D:6)
  A bullfrog (D:6)
  A scorpion (D:5)
  2 killer bees (D:9)
  A howler monkey (D:6)
  A jelly (D:6)
  An orc priest (D:9)
  An iguana (D:6)
  A gnoll (D:8)
  A shadow imp (D:6)
  5 orcs
  2 kobolds (D:9)
18 creatures vanquished.

Vanquished Creatures (others)
  A water moccasin zombie (D:6)
  A centaur zombie (D:9)
  A killer bee zombie (D:9)
  6 gnoll zombies (D:8)
  3 kobold zombies (D:9)
  5 orc zombies
  A spectral ufetubus (D:7)
18 creatures vanquished.

Grand Total: 218 creatures vanquished

Notes
Turn   | Place    | Note
-------+----------+-------------------------------------------
     0 | D:1      | Bnni the Formicid Fighter began the quest for the Orb.
     0 | D:1      | Reached XP level 1. HP: 18/18 MP: 1/1
   236 | D:1      | Reached XP level 2. HP: 24/24 MP: 2/2
   454 | D:1      | Reached XP level 3. HP: 29/29 MP: 3/3
   817 | D:2      | Noticed Robin
   827 | D:2      | Reached skill level 3 in Polearms
   843 | D:2      | Killed Robin
   844 | D:2      | Reached XP level 4. HP: 27/35 MP: 4/4
  1535 | D:3      | Reached XP level 5. HP: 42/42 MP: 5/5
  1592 | D:3      | Found an iron altar of Okawaru.
  1603 | D:3      | Reached skill level 5 in Shields
  1883 | D:3      | Found a sparkling altar of Nemelex Xobeh.
  1953 | D:3      | Reached skill level 4 in Polearms
  2029 | D:3      | Found a stormy altar of Qazlal.
  2067 | D:3      | Found an ancient bone altar of Kikubaaqudgha.
  2400 | D:3      | Found a burning altar of Makhleb.
  2559 | D:4      | Noticed an ice beast
  2610 | D:4      | Killed an ice beast
  2611 | D:4      | Reached XP level 6. HP: 11/49 MP: 6/6
  2862 | D:4      | Reached skill level 5 in Polearms
  3160 | D:4      | Reached skill level 5 in Fighting
  3322 | D:4      | Found a staircase to the Ecumenical Temple.
  3330 | Temple   | Entered the Ecumenical Temple
  3412 | Temple   | Became a worshipper of Yredelemnul the Dark
  3963 | D:5      | Entered Level 5 of the Dungeon
  3968 | D:5      | Reached XP level 7. HP: 56/56 MP: 7/7
  4067 | D:5      | Reached * piety under Yredelemnul
  4158 | D:5      | Reached skill level 6 in Polearms
  4158 | D:5      | Reached skill level 1 in Invocations
  4367 | D:5      | Reached ** piety under Yredelemnul
  4690 | D:6      | Reached XP level 8. HP: 45/64 MP: 9/9
  4883 | D:6      | Reached skill level 7 in Polearms
  5523 | D:6      | Reached skill level 8 in Polearms
  5523 | D:6      | Reached XP level 9. HP: 25/71 MP: 12/12
  6218 | D:7      | Got the Verses on Transformation
  6272 | D:7      | Reached skill level 5 in Invocations
  6319 | D:7      | Found a bloodstained altar of Trog.
  6497 | D:7      | Found a white marble altar of Elyvilon.
  6614 | D:7      | Found a blossoming altar of Fedhas.
  6615 | D:7      | Found a shimmering altar of Xom.
  6811 | D:8      | Reached skill level 9 in Polearms
  6860 | D:8      | Noticed Erica
  6869 | D:8      | Killed Erica
  6894 | D:8      | Noticed a troll
  6903 | D:8      | Killed a troll
  6904 | D:8      | Reached XP level 10. HP: 23/80 MP: 14/14
  7251 | D:8      | Reached skill level 10 in Polearms
  7272 | D:8      | Noticed Joseph
  7319 | D:8      | Killed Joseph
  7575 | D:8      | Found Numomaly's Jewellery Emporium.
  7647 | D:8      | Found a shadowy altar of Dithmenos.
  7861 | D:9      | Reached skill level 11 in Polearms
  8466 | D:9      | Reached XP level 11. HP: 89/89 MP: 17/17
  8831 | D:10     | Entered Level 10 of the Dungeon
  8852 | D:10     | Found Zorgha Wooxi's Assorted Antiques.
  8853 | D:10     | Noticed a two-headed ogre
  8859 | D:10     | Killed a two-headed ogre
  8860 | D:10     | Reached skill level 12 in Polearms
  8865 | D:10     | Bought a transparent ring mail for 261 gold pieces
  8865 | D:10     | Identified the +1 ring mail of the Crypt {Regen+} (You
                  | bought it in a shop on level 10 of the Dungeon)
  8926 | D:10     | Noticed Snorg
  8934 | D:10     | HP: 2/90 [Snorg (12)]
  8934 | D:10     | Demolished by Snorg

Illustrated notes

Levels and vault maps discovered:
D:1:      kilobyte_arrival_exit_the_forest, layout_basic
D:2:      layout_loops_ring, uniq_robin
D:3:      layout_loops_ring, mainiacjoe_overflow_24_doors, okawaru_trees_2,
          mainiacjoe_overflow_surrounded_room, nicolae_overflow_hidden_temple
D:4:      layout_basic, minmay_temple_entry_drinking_statues
D:5:      layout_loops_ring, nicolae_sextant
D:6:      layout_gridville
D:7:      layout_loops_ring, bloody_trog, lemuel_round_altar,
          nicolae_overflow_squiral, small_statue_intersection
D:8:      layout_basic, grunt_dithmenos_shadows, serial_shops,
          nicolae_lakefront_shop, uniq_joseph, uniq_erica
D:9:      layout_irregular_city
D:10:     layout_rooms, orc_david_3, serial_shops,
          nicolae_shop_overgrown_old_shop, uniq_lodul, uniq_nergalle, uniq_snorg
Temple:   hellmonk_temple_beads

Skill      XL: |  1  2  3  4  5  6  7  8  9 10 11 |
---------------+----------------------------------+-----
Polearms       | 3 4 5 6 8 9 11 12 | 12.0
Fighting       | 4 5 6 8 9 |  9.8
Shields        | 5 |  5.0
Invocations    | 2 4 6 8 |  8.8
Armour         | |  3.2

Action                   |  1- 3 |  4- 6 |  7- 9 | 10-12 || total
-------------------------+-------+-------+-------+-------++-------
Melee: Trident           |    91 |   243 |   201 |    11 ||   546
       Bardiche          |       |       |    32 |   164 ||   196
       Whip              |       |       |       |    24 ||    24
Throw: Javelin           |       |     4 |       |       ||     4
       Boomerang         |       |     1 |       |       ||     1
Invok: Dark Bargain      |       |       |     2 |     1 ||     3
 Abil: Dig               |     1 |       |       |       ||     1
Evoke: Wand              |       |       |       |     1 ||     1
       Box of beasts     |       |       |       |     1 ||     1
  Use: Scroll            |       |     7 |     4 |     1 ||    12
       Potion            |       |       |     4 |     3 ||     7
 Stab: Distracted        |       |       |     3 |       ||     3
Armor: Scale mail        |     8 |       |       |       ||     8
       Chain mail        |    16 |   124 |   114 |    91 ||   345
       Skin              |       |       |       |    57 ||    57
       Ring mail         |       |       |       |     3 ||     3
Dodge: Dodged            |    18 |    91 |    81 |    92 ||   282
Block: Buckler           |    12 |    48 |    56 |    63 ||   179

Table legend: (Time is in decaauts)
 A = Elapsed time spent in this place.
 B = Non-inter-level travel time spent in this place.
 C = Inter-level travel time spent in this place.
 D = Time resting spent in this place.
 E = Time spent auto-exploring this place.
 F = Levels seen in this place.
 G = Mean time per level.
                   A        B        C        D        E       F      G
               +--------+--------+--------+--------+--------+-----+--------+
         Total |   9065 |   8627 |    438 |    275 |   6643 |  11 |  824.1 |
       Dungeon |   8928 |   8552 |    376 |    275 |   6578 |  10 |  892.8 |
        Temple |    136 |     74 |     62 |      0 |     65 |   1 |  136.0 |
               +--------+--------+--------+--------+--------+-----+--------+

Top non-repeatable levels by time:
     D:4: 1324 daAuts
     D:6: 1236 daAuts
     D:9: 1056 daAuts
     D:8: 1051 daAuts
     D:1: 910 daAuts
     D:7: 895 daAuts
     D:3: 889 daAuts
     D:2: 758 daAuts
     D:5: 699 daAuts
  Temple: 136 daAuts
    D:10: 105 daAuts
